 Dungeon Crawl Stone Soup version 0.30-b1-2-g02819fbbbe (webtiles) character file.

Game seed: 17746221383339560380

10 Alarkh the Charlatan (level 2, 22/22 HPs)
             Began as a Demonspawn Artificer on July 11, 2023.
             Got out of the dungeon alive.
             The game lasted 00:00:25 (198 turns).

Alarkh the Charlatan (Demonspawn Artificer)          Turns: 198, Time: 00:00:25

Health: 22/22      AC:  3    Str: 12    XL:     2   Next: 10%
Magic:  2/2        EV: 11    Int: 12    God:
Gold:   0          SH:  0    Dex: 13    Spells: 1/1 levels left

rFire   . . .        a - +0 club
rCold   . . .        (no shield)
rNeg    . . .        b - +0 leather armour
rPois   .            (no helmet)
rElec   .            (no cloak)
rCorr   .            (no gloves)
SInv    .            (no boots)
Will    .....        (no amulet)
Stlth   +            (no ring)
HPRegen 0.23/turn    (no ring)
MPRegen 0.08/turn

%: no passive effects
@: no status effects
A: demonic magic 1
a: no special abilities


You escaped.
You visited 1 branch of the dungeon, and saw 1 of its levels.

Inventory:

Hand Weapons
 a - a +0 club (weapon)
Armour
 b - a +0 leather armour (worn)
 i - a +0 pair of boots
Wands
 c - a wand of flame (15) (quivered)
 d - a wand of charming (15)
 e - a wand of iceblast (5)
Scrolls
 g - a scroll of blinking {unknown}
Potions
 f - a potion of curing {unknown}
 h - a potion of lignification {unknown}
 j - a potion of magic {unknown}


   Skills:
 + Level 2.2 Fighting
 - Level 1.7 Armour
 - Level 0.8 Dodging
 - Level 0.8 Stealth
 - Level 3.0 Evocations


You had one spell level left.
You didn't know any spells.
Your spell library was empty.

Dungeon Overview and Level Annotations

Branches:
Dungeon (1/15)

Altars:


Innate Abilities, Weirdness & Mutations

Spells you cast may paralyse adjacent enemies.


Message History

You see here a rat corpse.
A bat comes into view.
A bat is nearby!
Found a sedimented sapphire potion.
You barely miss the bat. Your punch misses the bat.
The bat completely misses you. The bat barely misses you.
You miss the bat. The bat closely misses you. The bat barely misses you.
You hit the bat.
The bat is severely wounded.
The bat hits you but does no damage. The bat barely misses you.
The bat hits you. The bat closely misses you. The bat barely misses you.
The bat hits you but does no damage.
You barely miss the bat.
The bat is heavily wounded.
The bat hits you but does no damage. The bat misses you.
You closely miss the bat.
The bat is heavily wounded.
The bat hits you but does no damage. x2
The bat hits you but does no damage.
You barely miss the bat.
The bat is heavily wounded.
The bat hits you but does no damage. The bat closely misses you.
You hit the bat.
You kill the bat!
No target in view!
No target in view!
No target in view!
No target in view!
j - a sedimented sapphire potion You see here a rat corpse.
You see here a +0 dagger.
You enter the shallow water.
Moving in this stuff is going to be slow.
There is a staircase leading out of the dungeon here.
Are you sure you want to leave the Dungeon?
This will make you lose the game!
You have escaped!

...###............####.#
.......####.#...#.# .#
######## #.#.....# .# #
########.####### #
#≈§§§≈≈≈.§§§≈≈§≈ #
#≈§§≈≈.....§§§§≈ #
#§§§...~~~§§§.≈≈ #
#≈...~~~.~~~...≈ #
#≈..~~..@.~~~... #
#≈...~~~.~~~...≈ #
#≈≈....~~~....≈≈ #
#≈§≈§≈.....≈≈≈≈§ #
#≈≈≈≈≈≈≈≈≈§≈≈≈≈≈
########################
........ #######. .#...#


There were no monsters in sight!

Vanquished Creatures
  2 bats (D:1)
  3 giant cockroaches (D:1)
  2 goblins (D:1)
  A rat (D:1)
8 creatures vanquished.

Notes
Turn   | Place    | Note
-------+----------+-------------------------------------------
     0 | D:1      | Alarkh the Demonspawn Artificer began the quest for the
                  | Orb.
     0 | D:1      | Reached XP level 1. HP: 15/15 MP: 1/1
   105 | D:1      | Gained mutation: Spells you cast may paralyse adjacent
                  | enemies. [demonic ancestry]
   105 | D:1      | Reached XP level 2. HP: 18/22 MP: 2/2
   198 | D:$      | Got out of the dungeon alive.

Illustrated notes

Levels and vault maps discovered:
D:1:      dpeg_arrival_shrine, layout_loops_ring,
          hangedman_abyss_or_decor_stabs, minmay_cut_off

Skill      XL: |  1 |
---------------+----+-----
Fighting       | 2 |  2.2
Armour         | |  1.7
Dodging        | |  0.8
Stealth        | |  0.8
Evocations     | |  3.0

Action                     || total
---------------------------++-------
  Melee: Club              ||    42
   Stab: Sleeping          ||     1
 Armour: Leather armour    ||    21
  Dodge: Dodged            ||    45
